 Dungeon Crawl Stone Soup version 0.19.3-4-gbf9329e (console) character file.

571 itsmu the Digger (level 7, -1/46 HPs)
             Began as a Formicid Earth Elementalist on Jan 28, 2017.
             Slain by an adder (2 damage)
             ... in a sewer.
             The game lasted 00:19:59 (4196 turns).

itsmu the Digger (Formicid Earth Elementalist)      Turns: 4196, Time: 00:20:00

Health: -1/46      AC:  3    Str: 18    XL:     7   Next: 60%
Magic:  1/10       EV:  9    Int: 16    God:
Gold:   220        SH:  0    Dex: 11    Spells: 2 memorised, 6 levels left

rFire  . . .     SeeInvis +     a - +2 flail (pain)
rCold  . . .     Gourm    .     c - +1 robe
rNeg   . . .     Faith    .     (no shield)
rPois  .         Spirit   .     (helmet unavailable)
rElec  .         Reflect  .     (no cloak)
rCorr  .         Harm     .     (no gloves)
MR     .....                    (no boots)
Stlth  ++........               (no amulet)
                                (no ring)
                                (no ring)

@: mighty, lethally poisoned (-1 -> -13), constricted
A: permanent stasis, dig shafts and tunnels, four strong arms, antennae 3
a: Dig, Shaft Self


You were in a sewer.
You were hungry.

You visited 1 branch of the dungeon, and saw 4 of its levels.
You also visited: Sewer.

You collected 220 gold pieces.

Inventory:

Hand Weapons
 a - a +2 flail of pain (weapon)
   (You took it off an orc on level 3 of the Dungeon)
 g - a +0 long sword
   (You found it on level 2 of the Dungeon)
Armour
 c - a +1 robe (worn)
Jewellery
 h - an uncursed amulet of magic regeneration {unknown}
   (You found it on level 1 of the Dungeon)
 i - an uncursed amulet of the gourmand {unknown}
   (You found it on level 1 of the Dungeon)
 m - an uncursed ring of see invisible {unknown}
   (You found it on level 1 of the Dungeon)
Potions
 j - a potion of flight
 k - a potion of magic {unknown}
 n - a potion of resistance {unknown}
 o - 3 potions of degeneration
 q - a potion of brilliance
 r - 3 potions of might
Books
 e - a book of Geomancy

   Spells                             Type                      Level
   a - Sandblast                      Earth                        1
   b - Passwall                       Transmutation/Earth          2
   c - Stone Arrow                    Conjuration/Earth            3
   d - Petrify                        Transmutation/Earth          4
   e - Lee's Rapid Deconstruction     Earth                        5
Comestibles
 d - 3 bread rations
 f - a meat ration


   Skills:
 + Level 1.4 Maces & Flails
 - Level 1.7 Dodging
 - Level 2.4 Stealth
 - Level 2.3 Spellcasting
 * Level 4.8 Conjurations
   Level 1.1 Transmutations
 + Level 6.8 Earth Magic


You had 6 spell levels left.
You knew the following spells:

 Your Spells              Type           Power        Failure   Level  Hunger
a - Sandblast             Erth           ###...       1%          1    #......
o - Stone Arrow           Conj/Erth      ###...       8%          3    ###....


Dungeon Overview and Level Annotations

Branches:
Dungeon (4/15)
 Temple: D:4-7

Altars:

Annotations:
D:4 Eustachio


Innate Abilities, Weirdness & Mutations

You are under a permanent stasis effect.
You can dig through walls and to a lower floor.
Your four strong arms can wield two-handed weapons with a shield.
You have a pair of large antennae on your head. (SInv)


Message History

* * * LOW HITPOINT WARNING * * *
You feel sick. The adder bites you.
* * * LOW HITPOINT WARNING * * *
The ball python completely misses you. The adder bites you but does no damage.
The ball python closely misses you.
* * * LOW HITPOINT WARNING * * *
The ball python constricts you. The adder bites you.
* * * LOW HITPOINT WARNING * * *
The frilled lizard bites you.
* * * LOW HITPOINT WARNING * * *
You sock the adder!
You kill the adder!
* * * LOW HITPOINT WARNING * * *
You feel sick. The ball python closely misses you.
The adder closely misses you. The ball python closely misses you.
* * * LOW HITPOINT WARNING * * *
The ball python constricts you. The frilled lizard closely misses you.
The ball python bites you but does no damage.
The adder bites you.
You die...

#§§§§§..# #§§#§§..#
####...##
###################....#
..≈≈≈≈≈≈≈≈≈≈≈≈≈≈≈#.....#
S.≈≈≈≈≈≈≈≈≈≈≈≈≈≈≈≈....##
..#≈≈≈≈≈≈≈≈≈≈≈≈≈≈.....#
.≈≈≈≈≈≈#S≈≈≈≈≈≈≈≈.....#
.S≈≈≈≈≈Sla≈≈≈≈≈≈≈≈...##
..≈J≈≈≈≈SS≈≈≈≈≈≈≈..###
####################


You could see an ooze, an adder, 3 ball pythons and a frilled lizard.

Vanquished Creatures
  2 bullfrogs (Sewer)
  A scorpion (D:4)
  Jessica (D:2)
  An orc wizard (D:2)
  A worker ant (D:3)
  7 gnolls
  15 adders
  2 river rats (Sewer)
  2 dart slugs
  4 orcs (D:3)
  7 ball pythons
  6 giant cockroaches
  6 goblins
  9 hobgoblins
  3 jackals (D:2)
  3 quokkas
  6 bats
  5 frilled lizards
  5 kobolds
  A leopard gecko skeleton (D:4)
  34 rats
121 creatures vanquished.

Notes
Turn   | Place    | Note
-------+----------+-------------------------------------------
     0 | D:1      | itsmu the Formicid Earth Elementalist began the quest for the Orb.
     0 | D:1      | Reached XP level 1. HP: 13/13 MP: 3/3
   161 | D:1      | Reached skill level 4 in Earth Magic
   244 | D:1      | Reached XP level 2. HP: 19/19 MP: 3/5
  1054 | D:2      | Reached XP level 3. HP: 16/24 MP: 0/6
  1104 | D:1      | Learned a level 3 spell: Stone Arrow
  1294 | D:2      | Reached skill level 5 in Earth Magic
  1583 | D:2      | Reached skill level 1 in Conjurations
  1596 | D:2      | Reached XP level 4. HP: 30/30 MP: 5/7
  1973 | D:2      | Noticed Jessica
  1979 | D:2      | Killed Jessica
  1979 | D:2      | Reached XP level 5. HP: 35/35 MP: 6/8
  2465 | D:2      | Reached XP level 6. HP: 30/41 MP: 1/9
  2608 | D:3      | wait
  2621 | D:3      | huh
  2761 | D:3      | Reached skill level 6 in Earth Magic
  2960 | D:4      | Noticed Eustachio
  3207 | D:4      | Found a glowing drain.
  3218 | Sewer    | Entered a sewer
  3254 | Sewer    | Reached XP level 7. HP: 23/46 MP: 8/10
  4174 | Sewer    | i fucked up
  4177 | Sewer    | Reached skill level 1 in Maces & Flails
  4196 | Sewer    | HP: 2/46 [poisoned by an adder]
  4196 | Sewer    | Slain by an adder

Skill      XL: |  1  2  3  4  5  6  7 |
---------------+----------------------+-----
Earth Magic    | 4 5 6 |  6.8
Conjurations   | 1 2 3 4 |  4.8
Maces & Flails | 1 |  1.4
Dodging        | |  1.7
Stealth        | |  2.4
Spellcasting   | |  2.3
Transmutations | |  1.1

Action                   |  1- 3 |  4- 6 |  7- 9 || total
-------------------------+-------+-------+-------++-------
Melee: Unarmed           |     8 |       |       ||     8
       Flail             |       |     8 |    62 ||    70
 Cast: Sandblast         |    36 |    92 |    17 ||   145
       Stone Arrow       |       |       |    11 ||    11
  Use: Potion            |     3 |       |     6 ||     9
       Scroll            |     1 |     4 |     2 ||     7
  Eat: Chunk             |     3 |     6 |     4 ||    13
Armor: Robe              |     7 |     4 |    57 ||    68
Dodge: Dodged            |    15 |    30 |   118 ||   163
